 Dungeon Crawl Stone Soup version 0.30-a0-170-g85af917532 (webtiles) character file.

Game seed: 9524419270757477150

3299 Decritt the Fighter (level 10, -4/78 HPs)
             Began as a Djinni Conjurer on Oct 1, 2022.
             Was a Follower of Makhleb.
             Shot with a sling bullet by Joseph (17 damage)
             ... on level 8 of the Dungeon.
             The game lasted 00:21:06 (10995 turns).

Decritt the Fighter (Djinni Conjurer)              Turns: 10995, Time: 00:21:06

Health: -4/78      AC:  5    Str:  6    XL:     10   Next: 20%
Gold:   512        EV: 13    Int: 23    God:    Makhleb [*.....] SH:  0 Dex: 13

rFire   + + .      SeeInvis .    a - staff of conjuration
rCold   x . .      Faith    .    (no shield)
rNeg    + . .      Spirit   .    p - +0 robe
rPois   ∞          Reflect  .    o - +0 helmet
rElec   .          Harm     .    (no cloak)
rCorr   .          Rampage  .    k - +1 pair of gloves
Will    ++++.                    (boots unavailable)
Stlth   ++........               (no amulet)
HPRegen 0.23/turn                x - ring of willpower
MPRegen 0.00/turn                A - ring "Vecof" {rN+ Will++}

@: flying
A: sickness immunity, fire resistance 2, cold vulnerability 1, float, innate
caster, HP casting, extra vitality 1
a: Renounce Religion


You were on level 8 of the Dungeon.
You worshipped Makhleb.
Makhleb was aware of your devotion.
You visited 2 branches of the dungeon, and saw 9 of its levels.
You also visited: Bailey.

You collected 592 gold pieces.
You spent 80 gold pieces at shops.

Inventory:

Hand Weapons
 b - the +9 spear "Ocioth" {vorpal, rN+ Will+ Int+2 Dex+3}
   (You found it on level 4 of the Dungeon)

   It inflicts extra damage upon your enemies.
   Int:       It affects your intelligence (+2).
   Dex:       It affects your dexterity (+3).
   rN:        It protects you from negative energy.
   Will:      It increases your willpower.
Missiles
 v - a throwing net
Armour
 k - a +1 pair of gloves (worn)
 o - a +0 helmet (worn)
 p - a +0 robe (worn)
Magical Staves
 a - a staff of conjuration (weapon)
Jewellery
 x - a ring of willpower (left hand)
 A - the ring "Vecof" (right hand) {rN+ Will++}
   (You acquired it in a bailey)

   [ring of positive energy]

   rN:        It protects you from negative energy.
   Will:      It greatly increases your willpower.
 B - a ring of willpower
Wands
 f - a wand of light (22)
 l - a wand of flame (11)
 s - a wand of digging (4)
Scrolls
 c - 2 scrolls of teleportation
 m - a scroll of immolation
 q - a scroll of brand weapon
 r - a scroll of identify
 y - 2 scrolls of butterflies {unknown}
 z - a scroll of fear {unknown}
 D - a scroll of magic mapping
Potions
 d - 2 potions of attraction {unknown}
 e - a potion of berserk rage {unknown}
 g - 2 potions of might
 h - 2 potions of curing
 i - 3 potions of cancellation
 j - a potion of brilliance {unknown}
 n - 2 potions of haste {unknown}
 t - 2 potions of heal wounds
 u - 2 potions of invisibility {unknown}
 w - a potion of lignification {unknown}
 C - a potion of mutation {unknown}


   Skills:
 * Level 9.3 Fighting
 + Level 2.6 Armour
 + Level 3.7 Dodging
 - Level 1.5 Stealth
 * Level 7.9 Spellcasting


You had one spell level left.
You knew the following spells:

 Your Spells              Type           Power      Damage    Failure   Level
a - Magic Dart            Conj           100%       1d8       1%          1
b - Searing Ray           Conj           100%       2d8       1%          2
c - Fulminant Prism       Conj/Hex       31%        3d16      2%          4
d - Dazzling Flash        Conj/Hex       100%       N/A       1%          3
e - Iskenderun's Mystic   Conj/Tloc      62%        2d13      2%          4
f - Foxfire               Conj/Fire      100%       2x1d9     1%          1
g - Manifold Assault      Tloc           45%        N/A       2%          4
h - Ensorcelled Hibernat  Hex/Ice        90%        N/A       1%          2
k - Blink                 Tloc           90%        N/A       1%          2
Your spell library was empty.

Dungeon Overview and Level Annotations

Branches:
Dungeon (8/15)             Temple (1/1) D:4          Bailey (visited)
   Lair: D:8-11

Altars:
Ashenzari
Cheibriados
Elyvilon
Fedhas
Hepliaklqana
Makhleb
Nemelex Xobeh
Okawaru
Qazlal
Ru
Xom
Yredelemnul
The Shining One

Shops:
D:1 !   D:5 ?

Annotations:
D:8 Joseph


Innate Abilities, Weirdness & Mutations

You are immune to sickness and miasma.
You are immune to poison.
Your flesh is very heat resistant. (rF++)
You are vulnerable to cold. (rC-)
You float through the air rather than walking.
You learn spells naturally, not from books.
Your magical power is your life essence.
You have superior vitality. (+4 MHP)


Message History

Press: ? - help, Dir - move target You feel a surge of power!
You conjure a prism of explosive energy!
A fulminant prism comes into view.
Joseph shoots a sling bullet.
The sling bullet hits your fulminant prism!!
Your fulminant prism detonates feebly.
Your fulminant prism crackles loudly.
Casting: Fulminant Prism (dangerous; 2% risk of failure)
Confirm with . or Enter, or press ? or * to list all spells.
Aiming: Fulminant Prism (dangerous; 2% risk of failure)
Press: ? - help, Dir - move target You feel a surge of power!
You conjure a prism of explosive energy!
A fulminant prism comes into view.
Joseph shoots a sling bullet.
The sling bullet hits your fulminant prism!
Your fulminant prism explodes!
The blast of energy engulfs your fulminant prism!!
Your fulminant prism detonates feebly.
The blast of energy engulfs Joseph!
Joseph is heavily wounded.
You hear a shout! x3
Casting: Fulminant Prism (dangerous; 2% risk of failure)
Confirm with . or Enter, or press ? or * to list all spells.
Aiming: Fulminant Prism (dangerous; 2% risk of failure)
Press: ? - help, Dir - move target You feel a surge of power!
You conjure a prism of explosive energy!
* * * LOW HITPOINT WARNING * * *
A fulminant prism comes into view.
Joseph zaps a wand.
The mass of ice explodes!
The iceblast engulfs you!
You feel a painful chill!
* * * LOW HITPOINT WARNING * * *
Joseph shoots a sling bullet.
The sling bullet hits you!
* * * LOW HITPOINT WARNING * * *
Your fulminant prism crackles loudly.
There is a stone staircase leading up here.
Joseph shoots a sling bullet.
The sling bullet hits you!
You die...

#. #. #. # #.###
.# ##..@## .#
#)....##.###>#
##............#
####..............
.......*...#.#####
#.#######...#.#.#
@.?..*..@..##.# .
...!######.##.# #
. #.##.#


You could see Joseph (ally target) and a friendly fulminant prism.

Vanquished Creatures
  An orc warlord (Bailey)
  2 water moccasins (D:7)
  6 orc warriors
  An ice beast (D:5)
  2 ogres
  A phantom (D:6)
  2 necrophages
  2 scorpions
  5 wights (D:6)
  5 orc priests
  3 hounds
  2 jellies (D:6)
  Ijyb (D:4)
  5 orc wizards
  Natasha (thrice) (D:2)
  6 iguanas
  8 adders
  A gnoll (Bailey)
  3 river rats (D:3)
  A shadow imp (D:7)
  A white imp (D:6)
  An ufetubus (D:5)
  3 worms
  3 dart slugs
  23 orcs
  5 ball pythons
  4 endoplasms (D:1)
  3 giant cockroaches
  13 goblins
  10 hobgoblins
  2 jackals (D:3)
  7 quokkas
  4 bats
  A frilled lizard (D:2)
  16 kobolds
  5 rats
  3 fulminant prisms
164 creatures vanquished.

Vanquished Creatures (others)
  17 fulminant prisms
  4 plants (D:7)
21 creatures vanquished.

Grand Total: 185 creatures vanquished

Notes
Turn   | Place    | Note
-------+----------+-------------------------------------------
     0 | D:1      | Decritt the Djinni Conjurer began the quest for the Orb.
     0 | D:1      | Decritt set off with the following spells memorised: Magic
                  | Dart, Searing Ray, Dazzling Flash, Fulminant Prism,
                  | Iskenderun's Mystic Blast.
     0 | D:1      | Reached XP level 1. HP: 15/15 MP: 0/0
    82 | D:1      | Found a faded altar of an unknown god.
   138 | D:1      | Found Uraggan's Distillery.
   374 | D:1      | Reached skill level 1 in Fighting
   374 | D:1      | Reached XP level 2. HP: 21/22 MP: 0/0
   542 | D:1      | HP: 1/22 [frozen (7)]
   943 | D:1      | Reached XP level 3. HP: 22/27 MP: 0/0
   943 | D:1      | Learned a level 1 spell: Foxfire
  1623 | D:2      | Reached skill level 2 in Fighting
  1689 | D:2      | Reached XP level 4. HP: 27/33 MP: 0/0
  1835 | D:1      | Bought a potion of heal wounds for 50 gold pieces
  1835 | D:1      | Bought a potion of curing for 30 gold pieces
  1996 | D:2      | Noticed Natasha
  2003 | D:2      | Killed Natasha
  2073 | D:2      | Noticed Natasha
  2080 | D:2      | Killed Natasha
  2081 | D:2      | Reached XP level 5. HP: 13/40 MP: 0/0
  2081 | D:2      | Learned a level 2 spell: Blink
  2098 | D:2      | Noticed Natasha
  2429 | D:2      | Killed Natasha
  2430 | D:2      | Reached skill level 3 in Fighting
  3333 | D:3      | Reached XP level 6. HP: 41/46 MP: 0/0
  3715 | D:3      | Reached skill level 4 in Fighting
  4521 | D:4      | Reached XP level 7. HP: 48/53 MP: 0/0
  4521 | D:4      | Learned a level 2 spell: Ensorcelled Hibernation
  4807 | D:4      | Noticed Ijyb
  4816 | D:4      | Killed Ijyb
  4919 | D:4      | Identified the +9 spear "Ocioth" {vorpal, rN+ Will+ Int+2
                  | Dex+3}
  5050 | D:4      | Reached skill level 5 in Spellcasting
  5054 | D:4      | Found a staircase to the Ecumenical Temple.
  5062 | Temple   | Entered the Ecumenical Temple
  5085 | Temple   | Became a worshipper of Makhleb the Destroyer
  5271 | D:5      | Entered Level 5 of the Dungeon
  5350 | D:5      | Reached skill level 5 in Fighting
  5412 | D:5      | Found Xovemej's Magic Scroll Boutique.
  5572 | D:5      | Reached XP level 8. HP: 41/61 MP: 0/0
  6067 | D:5      | Reached skill level 6 in Fighting
  7784 | D:6      | Reached skill level 7 in Fighting
  7788 | D:6      | Reached * piety under Makhleb
  7789 | D:6      | Reached XP level 9. HP: 57/68 MP: 0/0
  7789 | D:6      | Learned a level 4 spell: Manifold Assault
  8578 | D:7      | Found a flagged portal.
  8589 | D:7      | Reached skill level 8 in Fighting
  8591 | Bailey   | Entered a bailey
  8862 | Bailey   | Noticed an orc warlord
  9724 | Bailey   | Found a runed translucent gate.
  9724 | Bailey   | Found a runed translucent gate.
  9724 | Bailey   | Found a runed translucent gate.
 10032 | Bailey   | Killed an orc warlord
 10033 | Bailey   | Reached skill level 9 in Fighting
 10033 | Bailey   | Reached XP level 10. HP: 29/78 MP: 0/0
 10292 | Bailey   | Acquired the ring "Vecof" {rN+ Will++}
 10975 | D:8      | Noticed Joseph
 10995 | D:8      | Shot with a sling bullet by Joseph

Illustrated notes

Levels and vault maps discovered:
D:1:      dpeg_arrival_water_temple_mockup, layout_basic, serial_shops,
          shop_fountains, shapermc_ecumenical_altar_ellora
D:2:      layout_basic, uniq_natasha
D:3:      layout_basic, gup_sewer_entry_bubbles
D:4:      layout_cave_pools, minmay_temple_entry_trees, uniq_ijyb
D:5:      layout_cave_pods, serial_shops, shop
D:6:      layout_gridville
D:7:      layout_cave_pools, enter_bailey_3, serial_bayou_crossing
D:8:      layout_loops_ring, nicolae_overflow_hallway_of_the_gods,
          gammafunk_ghost_smash, uniq_psyche, uniq_joseph
Temple:   eino_wide_crystal_templ

Skill      XL: |  1  2  3  4  5  6  7  8  9 |
---------------+----------------------------+-----
Fighting       | 1 2 3 4 5 7 9 |  9.3
Spellcasting   | 4 5 6 7 |  7.9
Armour         | 2 |  2.6
Dodging        | 3 |  3.7
Stealth        | |  1.5

Action                   |  1- 3 |  4- 6 |  7- 9 | 10-12 || total
-------------------------+-------+-------+-------+-------++-------
Melee: Unarmed           |     4 |       |       |       ||     4
       Punch             |     1 |       |       |       ||     1
       Spear             |       |       |    36 |       ||    36
       Staff             |       |       |     1 |       ||     1
 Cast: Magic Dart        |    44 |    89 |   174 |     9 ||   316
       Searing Ray       |     7 |    12 |    51 |    11 ||    81
       Fulminant Prism   |       |       |    14 |     7 ||    21
  Use: Potion            |     2 |     1 |     4 |       ||     7
       Scroll            |     1 |     6 |     7 |     1 ||    15
Armor: Robe              |     2 |       |    23 |       ||    25
Dodge: Dodged            |    11 |    22 |    57 |     3 ||    93

Table legend: (Time is in decaauts)
 A = Elapsed time spent in this place.
 B = Non-inter-level travel time spent in this place.
 C = Inter-level travel time spent in this place.
 D = Time resting spent in this place.
 E = Time spent auto-exploring this place.
 F = Levels seen in this place.
 G = Mean time per level.
                   A        B        C        D        E       F      G
               +--------+--------+--------+--------+--------+-----+--------+
         Total |  10989 |  10623 |    366 |   3983 |   5267 |  10 | 1098.9 |
       Dungeon |   9212 |   8854 |    358 |   2828 |   5090 |   8 | 1151.5 |
        Temple |     62 |     54 |      8 |      0 |     28 |   1 |   62.0 |
        Bailey |   1714 |   1714 |      0 |   1155 |    149 |   1 | 1714.0 |
               +--------+--------+--------+--------+--------+-----+--------+

Top non-repeatable levels by time:
     D:1: 1840 daAuts
  Bailey: 1714 daAuts
     D:6: 1555 daAuts
     D:3: 1396 daAuts
     D:5: 1286 daAuts
     D:2: 1204 daAuts
     D:7: 1124 daAuts
     D:4: 769 daAuts
  Temple: 62 daAuts
     D:8: 34 daAuts
